 Dungeon Crawl Stone Soup version 0.26-a0-188-ga22346179c (webtiles) character file.

Game seed: 6701720349667285837

59 Coward the Grasshopper (level 3, -4/30 HPs)
             Began as a Draconian Warper on July 4, 2020.
             Slain by an orc
             ... wielding a +4 morningstar
              (6 damage)
             ... on level 3 of the Dungeon.
             The game lasted 00:09:51 (1034 turns).

Coward the Grasshopper (Draconian Warper)           Turns: 1034, Time: 00:09:52

Health: -4/30      AC:  5    Str: 14    XL:     3   Next: 78%
Magic:  6/6        EV: 12    Int: 13    God:
Gold:   24         SH:  0    Dex: 10    Spells: 6/6 levels left

rFire    . . .     SeeInvis .   a - +0 falchion
rCold    . . .     Faith    .   (no shield)
rNeg     . . .     Spirit   .   (armour unavailable)
rPois    .         Reflect  .   (helmet restricted)
rElec    .         Harm     .   (no cloak)
rCorr    .                      (no gloves)
MR       .....                  (no boots)
Stlth    +.........             (no amulet)
HPRegen  0.10/turn              (no ring)
MPRegen  0.10/turn              (no ring)

@: no status effects
A: unfitting armour, cold-blooded, AC +5
a: no special abilities


You were on level 3 of the Dungeon.
You were not hungry.

You visited 1 branch of the dungeon, and saw 3 of its levels.

You collected 24 gold pieces.

Inventory:

Hand Weapons
 a - a +0 falchion (weapon)
Missiles
 e - 36 stones (quivered)
Scrolls
 d - a scroll of identify {unknown}
Potions
 c - a potion of curing {unknown}
Comestibles
 b - 3 chunks of flesh
 f - a ration


   Skills:
 + Level 2.7 Fighting
 + Level 2.9 Long Blades
 - Level 0.9 Throwing
 + Level 3.0 Dodging
 - Level 2.1 Spellcasting
   Level 3.0 Translocations


You had 6 spell levels left.
You didn't know any spells.
Your spell library contained the following spells:

 Spells                   Type           Power        Failure   Level  Hunger
 Blink                    Tloc           N/A          11%         2    ###....
 Shroud of Golubria       Chrm/Tloc      #.....       21%         2    ###....
 Gell's Gravitas          Tloc           #.........   22%         3    ####...
 Lesser Beckoning         Tloc           #.........   22%         3    ####...
 Teleport Other           Tloc           #.......     22%         3    ####...
 Passage of Golubria      Tloc           N/A          58%         4    #####..


Dungeon Overview and Level Annotations

Branches:
Dungeon (3/15)

Altars:
Dithmenos

Annotations:
D:3 2 transporters


Innate Abilities, Weirdness & Mutations

Your plain brown scales are hard. (AC +5)
You cannot fit into any form of body armour.
You are cold-blooded and may be slowed by cold attacks.


Message History

Sorry, you're not good enough to have a special ability.
An orc comes into view. It is wielding a +4 morningstar.
The rat barely misses you.
You riposte.
You hit the rat but do no damage.
A hobgoblin comes into view.
The rat barely misses you.
Found a spear.
The rat completely misses you. The rat bites you.
* * * LOW HITPOINT WARNING * * *
The rat bites you.
* * * LOW HITPOINT WARNING * * *
The orc hits you but does no damage. The orc misses you.
The rat barely misses you.
You riposte.
You barely miss the rat. The orc hits you with a +4 morningstar.
* * * LOW HITPOINT WARNING * * *
There is a stone staircase leading up here.
You can't go down here!
The orc hits you with a +4 morningstar.
You die...

.. #.## ##.# #.....
. #.. ......
#.######.# #.....
.)..##..#######.....
##..........(#.....
#..o.....###.##...)
#..ro....# #.......
#.@o.....# ####..$.
###.###### #....
#..# #.... #.##
#.... #. ##### #. #.
#.


You could see 3 orcs and a rat.

Vanquished Creatures
  Jessica (D:2)
  An adder (D:2)
  2 worms (D:2)
  A dart slug (D:1)
  2 orcs (D:2)
  2 goblins (D:2)
  3 jackals (D:2)
  3 bats
  A rat (D:2)
16 creatures vanquished.

Notes
Turn   | Place    | Note
-------+----------+-------------------------------------------
     0 | D:1      | Coward the Draconian Warper began the quest for the Orb.
     0 | D:1      | Reached XP level 1. HP: 17/17 MP: 3/3
    75 | D:2      | Reached XP level 2. HP: 24/24 MP: 5/5
   668 | D:2      | Noticed Jessica
   681 | D:2      | Killed Jessica
   681 | D:2      | Reached XP level 3. HP: 7/30 MP: 6/6
   980 | D:3      | Found a transporter.
   981 | D:3      | Found a shadowy altar of Dithmenos.
   981 | D:3      | Found a transporter.
   982 | D:3      | Noticed a hippogriff
  1034 | D:3      | Slain by an orc

Illustrated notes

Levels and vault maps discovered:
D:1:      dpeg_arrival_erosion, layout_loops_cross
D:2:      layout_loops_corners, nicolae_qazlal_eye_of_the_storm,
          lemuel_coloured_pillars_altar, kennysheep_generic_room_12,
          uniq_sigmund, uniq_jessica
D:3:      layout_rooms, bloody_trog, gammafunk_temple_overflow_arena

Skill      XL: |  1  2  3 |
---------------+----------+-----
Dodging        | 3 |  3.0
Fighting       | |  2.7
Long Blades    | |  2.9
Throwing       | |  0.9
Spellcasting   | |  2.1
Translocations | |  3.0

Action                   || total
-------------------------++-------
Melee: Falchion          ||    62
       Tailslap          ||     9
Throw: Boomerang         ||     5
       Stone             ||     5
  Use: Scroll            ||     1
Armor: Skin              ||    16
Dodge: Dodged            ||    72
       Rpst.: Falchion   ||    17

Table legend:
 A = Non-vault XP
 B = Vault XP
 C = Vault XP percentage of total XP
 D = Non-vault monster count
 E = Vault monster count
 F = Vault count percentage of total count
                 A         B        C        D         E       F
            +---------+---------+-------+---------+---------+-------
      Total |      48 |      37 |  43.5 |      15 |       1 |   6.2
            +---------+---------+-------+---------+---------+-------
        D:1 |       4 |       0 |   0.0 |       1 |       0 |   0.0
        D:2 |      42 |      37 |  46.8 |      13 |       1 |   7.1
        D:3 |       2 |       0 |   0.0 |       1 |       0 |   0.0
            +---------+---------+-------+---------+---------+-------
